 Dungeon Crawl Stone Soup version 0.20-a0-673-g53087c7 (webtiles) character file.

44 M4edhros the Sneak (level 3, -4/23 HPs)
             Began as an Octopode Artificer on Feb 18, 2017.
             Hit by a stone thrown by a gnoll (8 damage)
             ... on level 3 of the Dungeon.
             The game lasted 00:01:01 (1210 turns).

M4edhros the Sneak (Octopode Artificer)             Turns: 1210, Time: 00:01:01

Health: -4/23      AC:  1    Str: 11    XL:     3   Next: 62%
Magic:  5/5        EV: 13    Int: 13    God:
Gold:   31         SH:  0    Dex: 13    Spells: 2/2 levels left

rFire    . . .     SeeInvis .   k - +1 short sword (speed)
rCold    . . .     Gourm    .   (no shield)
rNeg     . . .     Faith    .   (helmet restricted)
rPois    .         Spirit   .   (no amulet)
rElec    .         Reflect  .   (no ring)
rCorr    .         Harm     .   (no ring)
MR       .....                  (no ring)
Stlth    ++++......             (no ring)
Regen    0.1/turn               (no ring)
MPRegen  0.1/turn               (no ring)
                                (no ring)
                                (no ring)

@: no status effects
A: almost no armour, stealthy swim, amphibious, 8 rings, constrict 8, camouflage
1, gelatinous body 1
a: no special abilities


You were on level 3 of the Dungeon.
You were not hungry.

You visited 1 branch of the dungeon, and saw 3 of its levels.

You collected 31 gold pieces.

Inventory:

Hand Weapons
 a - a +0 short sword
 k - a +1 short sword of speed (weapon)
Missiles
 e - 100 stones (quivered)
 h - 19 sling bullets
Wands
 b - a wand of flame (14/48)
 c - a wand of enslavement (14/24)
 d - a wand of random effects (15/48)
Scrolls
 g - a scroll of noise {unknown}
 j - a scroll of immolation {unknown}
Potions
 i - a potion of agility {unknown}
 l - a potion of cancellation {unknown}
 m - a potion of heal wounds {unknown}
Comestibles
 f - 4 bread rations
 n - a meat ration


   Skills:
 - Level 1.0 Fighting
 - Level 1.0 Short Blades
 - Level 2.0 Dodging
 + Level 4.9 Stealth
 - Level 3.2 Evocations


You had 2 spell levels left.
You didn't know any spells.

Dungeon Overview and Level Annotations

Branches:
Dungeon (3/15)

Altars:
Xom


Innate Abilities, Weirdness & Mutations

You cannot wear most types of armour.
You are very stealthy in the water. (Stealth+)
You are amphibious.
You can wear up to eight rings at the same time.
You can use your tentacles to constrict eight enemies at once.
Your skin changes colour to match your surroundings (Stealth+).
Your rubbery body absorbs attacks. (AC +1, EV +1)


Message History

Aim: a gnoll, wielding a halberd (constricted by you, chance to defeat MR: 64%)
The gnoll is charmed.
You release your grip on your gnoll.
This wand has 14 charges left.
The gnoll throws a stone.
The stone hits you but does no damage.
A kobold comes into view. It is wielding a whip.
The gnoll throws a stone.
The stone hits your gnoll. What are your orders? t - Shout!
Orders for allies: a - Attack new target. p - Attack previous target. r - Retreat! s - Stop attacking. g - Guard the area. f - Follow me.
Anything else - Cancel.
Guard this area!
Your gnoll misses the gnoll. The gnoll hits your gnoll.
The gnoll throws a stone.
The stone hits your gnoll.
Your gnoll hits the gnoll with a halberd!
Found a scroll labeled ETSOFO ETUIZ EZEMN.
The gnoll hits your gnoll but does no damage.
The gnoll throws a stone.
The stone closely misses your gnoll. The stone hits you!
You die...

..........#...#
#.......g....####
##...............#
#................# ###.#
#.........g......#
.....##...?....(g......#
.....##.................
.....##.................
.....###........@.......
.....####.....).......##
.........####.#.....###
......##......#.###..#
......######....# ....
....†)....###.... .....
....).###.....### #..K
...............#### ...
.....#.............


You could see 2 gnolls, a kobold (wandering) and a friendly gnoll.

Vanquished Creatures
  2 adders
  2 worms
  2 bats
  4 goblins
  3 hobgoblins
  2 kobolds
  A quokka (D:2)
  4 frilled lizards
  A rat (D:2)
21 creatures vanquished.

Notes
Turn   | Place    | Note
-------+----------+-------------------------------------------
     0 | D:1      | M4edhros the Octopode Artificer began the quest for the Orb.
     0 | D:1      | Reached XP level 1. HP: 13/13 MP: 3/3
   228 | D:2      | Reached skill level 2 in Stealth
   254 | D:2      | Reached XP level 2. HP: 18/18 MP: 4/4
   261 | D:2      | Reached skill level 3 in Stealth
   480 | D:2      | Found a shimmering altar of Xom.
   503 | D:3      | Reached skill level 4 in Stealth
   530 | D:2      | Reached XP level 3. HP: 6/23 MP: 5/5
  1210 | D:3      | Hit by a stone thrown by a gnoll

Vault maps used:
D:1:      minmay_arrival_arboretum_large
D:2:      lemuel_doored_altar

Skill      XL: |  1  2 |
---------------+-------+-----
Stealth        | 2 4 |  4.9
Fighting       | |  1.0
Short Blades   | |  1.0
Dodging        | |  2.0
Evocations     | |  3.2

Action                   || total
-------------------------++-------
Melee: Short sword       ||    47
       Constrict         ||    12
       Tentacles         ||     5
Evoke: Wand              ||     2
 Stab: Sleeping          ||     4
  Eat: Chunk             ||     1
Armor: Skin              ||     4
Dodge: Dodged            ||    41
